 Dungeon Crawl Stone Soup version 0.31.0-4-g52a2dc7128 (webtiles) character file.

Game seed: 16366804968027368704

311 Groucho the Sneak (level 6, 0/30 HPs)
             Began as a Spriggan Enchanter on Jan 22, 2024.
             Was an Initiate of Sif Muna.
             Slain by an ufetubus (4 damage)
             ... on level 5 of the Dungeon.
             The game lasted 00:13:25 (5642 turns).

Groucho the Sneak (Spriggan Enchanter)              Turns: 5642, Time: 00:13:25

Health: 0/30       AC:  2    Str:  4    XL:     6   Next: 18%
Magic:  4/13       EV: 17    Int: 18    God:    Sif Muna [......]
Gold:   268        SH:  0    Dex: 16    Spells: 5/13 levels left

rFire   . . .        a - +1 dagger
rCold   . . .        (no shield)
rNeg    . . .        b - +0 robe
rPois   .            (helmet restricted)
rElec   .            (no cloak)
rCorr   .            (gloves unavailable)
SInv    +            (boots unavailable)
Will    +....        (no amulet)
Stlth   +++          (no ring)
HPRegen 0.25/turn    (no ring)
MPRegen 0.13/turn

%: no passive effects
@: confusing by touch, very quick
A: very small, no large weapons, unfitting armour, see invisible, speed 3
a: Renounce Religion


You were on level 5 of the Dungeon.
You worshipped Sif Muna.
Sif Muna was noncommittal.
You visited 2 branches of the dungeon, and saw 6 of its levels.

You collected 268 gold pieces.

Inventory:

Hand Weapons
 a - a +1 dagger (weapon)
 r - the +5 sling of Integrity {freeze, rF+}
   (You found it on level 4 of the Dungeon)

   rF+:       It protects you from fire.
Missiles
 i - 9 poisoned darts (quivered)
Armour
 b - a +0 robe (worn)
Scrolls
 e - 3 scrolls of teleportation {unknown}
 f - a scroll of fear
 j - 3 scrolls of identify {unknown}
 l - a scroll of amnesia {unknown}
 o - a scroll of poison {unknown}
 p - a scroll of immolation {unknown}
 t - a scroll of noise {unknown}
Potions
 c - 2 potions of invisibility
 d - a potion of attraction {unknown}
 g - a potion of magic {unknown}
 h - a potion of haste {unknown}
 k - a potion of curing {unknown}
 m - a potion of mutation {unknown}
 n - 2 potions of brilliance {unknown}
 q - a potion of cancellation {unknown}
 s - a potion of enlightenment {unknown}
 u - a potion of ambrosia {unknown}


   Skills:
 - Level 1.0 Fighting
 + Level 3.1 Short Blades
 - Level 3.0 Dodging
 + Level 6.2 Stealth
 + Level 4.3 Spellcasting
 + Level 5.0 Hexes
 + Level 1.3 Earth Magic


You had 5 spell levels left.
You knew the following spells:

 Your Spells              Type           Power      Damage    Failure   Level
a - Ensorcelled Hibernat  Hex/Ice        24%        N/A       8%          2
b - Confusing Touch       Hex            22%        N/A       5%          3
c - Tukima's Dance        Hex            22%        N/A       5%          3

Your spell library contained the following spells:

 Spells                   Type           Power      Damage    Failure   Level
 Slow                     Hex            88%        N/A       1%          1
 Sigil of Binding         Hex            22%        N/A       5%          3
 Apportation              Tloc           6%         N/A       14%         1
 Freeze                   Ice            12%        1d3       14%         1
 Necrotise                Necr           12%        1d4       14%         1
 Sting                    Conj/Alch      12%        1d3       14%         1
 Summon Small Mammal      Summ           12%        N/A       14%         1
 Dazzling Flash           Conj/Hex       24%        N/A       16%         3
 Frozen Ramparts          Ice            6%         1d1       41%         3
 Fugue of the Fallen      Necr           3%         N/A       41%         3
 Hailstorm                Conj/Ice       3%         3d5       41%         3
 Vampiric Draining        Necr           3%         2d6       41%         3
 Volatile Blastmotes      Fire/Tloc      6%         2d10      41%         3
 Anguish                  Hex/Necr       6%         N/A       45%         4
 Animate Armour           Summ/Erth      12%        N/A       71%         4
 Fulminant Prism          Conj/Alch      1%         3d5       82%         4
 Iskenderun's Mystic Bla  Conj/Tloc      3%         2d3       82%         4
 Summon Lightning Spire   Summ/Air       3%         N/A       82%         4
 Lee's Rapid Deconstruct  Erth           4%         3d5*      92%         5


Dungeon Overview and Level Annotations

Branches:
Dungeon (5/15)             Temple (1/1) D:4

Altars:
Ashenzari
Cheibriados
Dithmenos
Elyvilon
Fedhas
Gozag
Hepliaklqana
Kikubaaqudgha
Makhleb
Nemelex Xobeh
Okawaru
Qazlal
Ru
Sif Muna
Trog
Uskayaw
Vehumet
Wu Jian
Xom
Yredelemnul
Zin

Shops:
D:1 *   D:4 =?***


Innate Abilities, Weirdness & Mutations

You are very small and have problems with some larger weapons.
You are too small for most types of armour.
You have supernaturally acute eyesight. (SInv)
You cover ground extremely quickly. (Speed+++)


Message History

The ufetubus completely misses you.
Casting: Confusing Touch (dangerous; 5% risk of failure)
Confirm with . or Enter, or press ? or * to list all spells.
Aiming: Ensorcelled Hibernation (safe; 8% risk of failure)
Press: ? - help, Shift-Dir - straight line, f - orc
Aim: an orc, wielding a +0 trident (chance to confuse on hit: 71%, chance to affect: 63%)
The orc looks drowsy...
The ufetubus hits you. x2; The ufetubus misses you.
The ufetubus closely misses you.
The helpless orc fails to defend itself.
You hit the orc but do no damage.
The orc appears confused.
The orc hits you with a +0 trident. The ufetubus closely misses you.
The ufetubus misses you.
You hit the orc.
The orc is severely wounded.
The orc misses you. The ufetubus hits you. The ufetubus barely misses you.
You hit the orc.
You kill the orc!
Sif Muna accepts your kill. The ufetubus slips past you! The ufetubus hits you.
* * * LOW HITPOINT WARNING * * *
The ufetubus hits you.
* * * LOW HITPOINT WARNING * * *
Unknown command.
Unknown command.
Okay, then.
Casting: Ensorcelled Hibernation (safe; 8% risk of failure)
Confirm with . or Enter, or press ? or * to list all spells.
Your hands begin to glow red.
The ufetubus completely misses you. The ufetubus misses you.
You hit the ufetubus but do no damage.
The ufetubus appears confused.
You punch the ufetubus, but do no damage.
Unknown command.
Unknown command.
Casting: Confusing Touch (dangerous; 5% risk of failure)
Confirm with . or Enter, or press ? or * to list all spells.
Your hands begin to glow red.
You hit the ufetubus but do no damage.
The ufetubus hits you but does no damage.
The ufetubus hits you.
You die...

##....#....#.###.#
#.....#...###...#
#....#.###.#....#
#...###...#.....#
#.###.#....#....#.
## #.....#...## .
#....#.###.#...
#...###.....#
#.###.#5@....#
##....)#.....#
#......#......#
.#.....#.....##
#......#.###.#
#.....# #. ..#
..#.### .. .# .###
..


You could see an ufetubus.

Vanquished Creatures
  A scorpion (D:4)
  A bombardier beetle (D:4)
  A jelly (D:5)
  5 adders
  3 gnolls (D:3)
  2 ufetubi (D:5)
  4 dart slugs
  2 ribbon worms
  2 orcs
  8 endoplasms
  4 giant cockroaches
  8 goblins
  6 hobgoblins
  2 jackals (D:3)
  6 quokkas
  7 ball pythons
  9 bats
  7 frilled lizards
  10 kobolds
  6 rats
94 creatures vanquished.

Notes
Turn   | Place    | Note
-------+----------+-------------------------------------------
     0 | D:1      | Groucho the Spriggan Enchanter began the quest for the Orb.
     0 | D:1      | Reached XP level 1. HP: 9/9 MP: 5/5
     8 | D:1      | Found Xixtov's General Store.
   344 | D:1      | Reached XP level 2. HP: 13/13 MP: 6/6
   359 | D:1      | Learned a level 2 spell: Ensorcelled Hibernation
  1563 | D:1      | Reached XP level 3. HP: 17/17 MP: 5/8
  1814 | D:2      | Reached skill level 5 in Stealth
  2229 | D:2      | Learned a level 3 spell: Confusing Touch
  2243 | D:2      | Reached skill level 1 in Fighting
  2401 | D:2      | Learned a level 3 spell: Tukima's Dance
  3106 | D:2      | Reached XP level 4. HP: 22/22 MP: 10/10
  4022 | D:3      | Reached XP level 5. HP: 16/25 MP: 8/11
  4535 | D:4      | Found Vonn's Assorted Antiques.
  4723 | D:4      | Identified the +5 sling of Integrity {freeze, rF+}
  4747 | D:4      | Reached skill level 6 in Stealth
  4747 | D:4      | Reached skill level 1 in Earth Magic
  5158 | D:4      | Found Kemene Hote's General Store.
  5164 | D:4      | Reached XP level 6. HP: 30/30 MP: 13/13
  5192 | D:4      | Found Ikliasyo's Jewellery Shoppe.
  5198 | D:4      | Found a staircase to the Ecumenical Temple.
  5217 | Temple   | Entered the Ecumenical Temple
  5241 | Temple   | Became a worshipper of Sif Muna the Loreminder
  5406 | D:4      | Found Jiopul's Magic Scroll Emporium.
  5460 | D:4      | Found Tyoseni's Assorted Antiques.
  5560 | D:5      | Entered Level 5 of the Dungeon
  5606 | D:5      | Reached skill level 5 in Hexes
  5642 | D:5      | Slain by an ufetubus

Illustrated notes

Levels and vault maps discovered:
D:1:      dpeg_arrival_arbitrary_b, layout_rooms, serial_shops,
          nicolae_shop_waterfront, minivault_27
D:2:      layout_basic, st_stairs_4
D:3:      layout_rooms, serial_bayou_pond_d
D:4:      layout_basic, minmay_temple_entry_stoned_glass, serial_shops, shop,
          shop, nicolae_shop_peninsula, nicolae_shop_rolled_up, shop,
          chequers_arboretum
D:5:      nicolae_BIG_FREAKIN_CUBE, layout_basic, minmay_gold_behind_fungi
Temple:   nicolae_temple_bog_church

Skill      XL: |  1  2  3  4  5  6 |
---------------+-------------------+-----
Dodging        | 3 |  3.0
Spellcasting   | 3 4 |  4.3
Stealth        | 5 6 |  6.2
Hexes          | 4 5 |  5.0
Fighting       | 1 |  1.0
Short Blades   | 2 3 |  3.1
Earth Magic    | 1 |  1.3

Action                     |  1- 3 |  4- 6 || total
---------------------------+-------+-------++-------
  Melee: Dagger            |   121 |   118 ||   239
         Punch             |     3 |     3 ||     6
   Fire: Sling             |       |     3 ||     3
  Throw: Stone             |     4 |       ||     4
         Dart              |    30 |     1 ||    31
   Cast: Ensorcelled Hiber |    24 |    28 ||    52
         Confusing Touch   |       |     4 ||     4
    Use: Scroll            |     1 |       ||     1
   Stab: Sleeping          |    21 |    30 ||    51
         Confused          |       |     1 ||     1
 Armour: Robe              |    32 |    39 ||    71
  Dodge: Dodged            |    90 |    90 ||   180
